TOP OF THE 1ST |
Missoula Osprey batting - Pitching for San Francisco (APP) Giants : RHP Corey Foster
|
Pitching: RHP Corey Foster
|
|
Batting: RHB Mike Smith
|
0-0: Foul Ball, location: 2F 0-1: Ball 1-1: SINGLE (Line Drive, 8RS, EV 93.1 MPH)
|
Batting: RHB Hector Tabares
|
0-0: Ball Mike Smith steals 2nd, throwing error, E2 Mike Smith to third 1-0: Foul Ball, location: 2F 1-1: Foul Ball, location: 2F 1-2: SINGLE (Groundball, 4MD, EV 100.0 MPH) Mike Smith scores
|
Batting: RHB Claude Leduc
|
0-0: Called Strike 0-1: Ball Hector Tabares steals 2nd base 1-1: Foul Ball, location: 2F 1-2: Foul Ball, location: 2F 1-2: DOUBLE (Flyball, 78D, EV 96.9 MPH) Hector Tabares scores
|
Batting: RHB Edwin Romero
|
0-0: Called Strike 0-1: DOUBLE (Flyball, 8RXD, EV 109.4 MPH) Claude Leduc scores
|
Batting: RHB Jose Cuellar
|
0-0: DOUBLE (Line Drive, 78D, EV 104.4 MPH) Edwin Romero scores
|
Batting: RHB Isaiah Hampton
|
0-0: SINGLE (Flyball, 9LS, EV 96.2 MPH) Jose Cuellar to third
|
Batting: RHB David Powell
|
0-0: Ball 1-0: Ball Isaiah Hampton is caught stealing 2nd base 2-4 2-0: Foul Ball, location: 2F 2-1: Ball 3-1: Foul Ball, location: 2F 3-2: SINGLE (Groundball, 5D, EV 106.2 MPH) Jose Cuellar scores
|
Pitching: RHP Sam Green
|
|
Batting: RHB Juan Mejia
|
0-0: Called Strike 0-1: Ball 1-1: Ball 2-1: Fielders Choice at 2nd, 4-6 (Groundball, 34, EV 105.6 MPH)
|
Batting: RHB Dave Beerman
|
0-0: Ball 1-0: Ball Wild Pitch! Juan Mejia to second 2-0: 2-RUN HOME RUN (Line Drive, 78XD, EV 113.8 MPH), Distance : 435 ft
|
Batting: RHB Mike Smith
|
0-0: Ball 1-0: Ball 2-0: Called Strike 2-1: Ground out 5-3 (Groundball, 56, EV 88.8 MPH)
|
Top of the 1st over - 7 runs, 8 hits, 1 error, 0 left on base; Missoula 7 - San Francisco (APP) 0 |
BOTTOM OF THE 1ST |
San Francisco (APP) Giants batting - Pitching for Missoula Osprey : LHP Cory Youngquist
|
Pitching: LHP Cory Youngquist
|
|
Batting: LHB Eddie Lemus
|
0-0: Foul Ball, location: 2F 0-1: Swinging Strike 0-2: Strikes out looking
|
Batting: RHB Noe Oliva
|
0-0: Ball 1-0: Ball 2-0: Ball 3-0: Called Strike 3-1: Called Strike 3-2: Foul Ball, location: 2F 3-2: Foul Ball, location: 2F 3-2: Strikes out swinging
|
Batting: LHB Kuan Hsia
|
0-0: Ground out 4-3 (Groundball, 4, EV 90.0 MPH)
|
Bottom of the 1st over - 0 runs, 0 hits, 0 errors, 0 left on base; Missoula 7 - San Francisco (APP) 0 |
TOP OF THE 2ND |
Missoula Osprey batting - Pitching for San Francisco (APP) Giants : RHP Sam Green
|
Batting: RHB Hector Tabares
|
0-0: Called Strike 0-1: Ground out 5-3 (Groundball, 56, EV 82.5 MPH)
|
Batting: RHB Claude Leduc
|
0-0: Ball 1-0: Foul Ball, location: 2F 1-1: Ball 2-1: Fly out, F7 (Line Drive, 78M, EV 106.9 MPH)
|
Batting: RHB Edwin Romero
|
0-0: Ground out 5-3 (Groundball, 5S, EV 87.5 MPH)
|
Top of the 2nd over - 0 runs, 0 hits, 0 errors, 0 left on base; Missoula 7 - San Francisco (APP) 0 |
BOTTOM OF THE 2ND |
San Francisco (APP) Giants batting - Pitching for Missoula Osprey : LHP Cory Youngquist
|
Batting: RHB Ricky Aguilar
|
0-0: Ball 1-0: Fly out, F8 (Flyball, 8RM, EV 82.5 MPH)
|
Batting: RHB Chris Kulik
|
0-0: Swinging Strike 0-1: Swinging Strike 0-2: Foul Ball, location: 2F 0-2: Ball 1-2: Strikes out swinging
|
Batting: RHB Azeem bin Zuhair
|
0-0: Ground out 6-3 (Groundball, 6, EV 85.0 MPH)
|
Bottom of the 2nd over - 0 runs, 0 hits, 0 errors, 0 left on base; Missoula 7 - San Francisco (APP) 0 |
TOP OF THE 3RD |
Missoula Osprey batting - Pitching for San Francisco (APP) Giants : RHP Sam Green
|
Batting: RHB Jose Cuellar
|
0-0: Ball 1-0: Ball 2-0: Ball 3-0: Base on Balls
|
Batting: RHB Isaiah Hampton
|
0-0: Ball 1-0: Fly out, F7 (Flyball, 7, EV 88.1 MPH)
|
Batting: RHB David Powell
|
0-0: Ball 1-0: Ball 2-0: Called Strike 2-1: Fielders Choice at 2nd, 6-4 (Groundball, 6, EV 90.0 MPH)
|
Batting: RHB Juan Mejia
|
0-0: SINGLE (Line Drive, 78M, EV 97.5 MPH) David Powell to second
|
Batting: RHB Dave Beerman
|
0-0: Called Strike 0-1: Ball 1-1: Swinging Strike 1-2: Foul Ball, location: 2F 1-2: Strikes out swinging
|
Top of the 3rd over - 0 runs, 1 hit, 0 errors, 2 left on base; Missoula 7 - San Francisco (APP) 0 |
BOTTOM OF THE 3RD |
San Francisco (APP) Giants batting - Pitching for Missoula Osprey : LHP Cory Youngquist
|
Batting: RHB Jonathan Hemsley
|
0-0: Foul Ball, location: 2F 0-1: Foul Ball, location: 2F 0-2: Ball 1-2: Foul Ball, location: 2F 1-2: Ball 2-2: SINGLE (Groundball, 5S, EV 64.4 MPH) (infield hit)
|
Batting: RHB Rúbem Trancoso
|
0-0: Called Strike Jonathan Hemsley is caught stealing 2nd base 2-4 0-1: Called Strike 0-2: Ground out 4-3 (Groundball, 34, EV 82.5 MPH)
|
Batting: SHB Cedric Sweep
|
0-0: Ball 1-0: Ball 2-0: Ball 3-0: Called Strike 3-1: Called Strike 3-2: Ground out 6-3 (Groundball, 6S, EV 85.0 MPH)
|
Bottom of the 3rd over - 0 runs, 1 hit, 0 errors, 0 left on base; Missoula 7 - San Francisco (APP) 0 |
TOP OF THE 4TH |
Missoula Osprey batting - Pitching for San Francisco (APP) Giants : RHP Sam Green
|
Batting: RHB Mike Smith
|
0-0: Called Strike 0-1: Swinging Strike 0-2: Foul Ball, location: 2F 0-2: Ball 1-2: Foul Ball, location: 2F 1-2: Ball 2-2: Foul Ball, location: 2F 2-2: Foul Ball, location: 2F 2-2: Ball 3-2: Foul Ball, location: 2F 3-2: DOUBLE (Flyball, 8RXD, EV 100.6 MPH)
|
Batting: RHB Hector Tabares
|
0-0: Ball 1-0: Ball 2-0: Ball 3-0: Called Strike 3-1: Base on Balls
|
Batting: RHB Claude Leduc
|
0-0: Ball 1-0: Ball 2-0: Foul Ball, location: 2F 2-1: Ball 3-1: Foul Ball, location: 2F 3-2: Base on Balls Mike Smith to third Hector Tabares to second
|
Batting: RHB Edwin Romero
|
0-0: Ball 1-0: Ball 2-0: Called Strike 2-1: Foul Ball, location: 2F 2-2: Ball 3-2: Strikes out swinging
|
Pitching: RHP Conrad van Gemert
|
|
Batting: RHB Jose Cuellar
|
0-0: Called Strike 0-1: Ball 1-1: Ball 2-1: Foul Ball, location: 2F 2-2: Ball 3-2: Base on Balls Mike Smith scores Hector Tabares to third Claude Leduc to second
|
Batting: RHB Isaiah Hampton
|
0-0: Foul Ball, location: 2F 0-1: Foul Ball, location: 2F 0-2: Ball 1-2: Ball 2-2: Ball 3-2: Foul Ball, location: 2F 3-2: Base on Balls Hector Tabares scores Claude Leduc to third Jose Cuellar to second
|
Batting: RHB David Powell
|
0-0: Ball 1-0: Ball 2-0: Fly out, F8 (Flyball, 8LD, EV 100.6 MPH) Runner from 3rd tags up, SCORES, no throw by CF
|
Batting: RHB Juan Mejia
|
0-0: 3-RUN HOME RUN (Flyball, 9D, EV 95.6 MPH), Distance : 389 ft
|
Batting: RHB Dave Beerman
|
0-0: Ball 1-0: Ball 2-0: SOLO HOME RUN (Flyball, 7D, EV 103.8 MPH), Distance : 384 ft
|
Pitching: RHP Newt Reid
|
|
Batting: RHB Mike Smith
|
0-0: Swinging Strike 0-1: Fly out, F7 (Flyball, 7, EV 80.6 MPH)
|
Top of the 4th over - 7 runs, 3 hits, 0 errors, 0 left on base; Missoula 14 - San Francisco (APP) 0 |
BOTTOM OF THE 4TH |
San Francisco (APP) Giants batting - Pitching for Missoula Osprey : LHP Cory Youngquist
|
Batting: LHB Eddie Lemus
|
0-0: Called Strike 0-1: Ball 1-1: Foul Ball, location: 2F 1-2: Hit by Pitch
|
Batting: RHB Noe Oliva
|
0-0: Fly out, F9 (Flyball, 89S, EV 92.5 MPH)
|
Batting: LHB Kuan Hsia
|
0-0: Called Strike 0-1: Fly out, F8 (Flyball, 8LXD, EV 88.1 MPH)
|
Batting: RHB Ricky Aguilar
|
0-0: SINGLE (Groundball, 56D, EV 95.0 MPH) Eddie Lemus to second
|
Batting: RHB Chris Kulik
|
0-0: Called Strike 0-1: Swinging Strike 0-2: Ball 1-2: Strikes out swinging
|
Bottom of the 4th over - 0 runs, 1 hit, 0 errors, 2 left on base; Missoula 14 - San Francisco (APP) 0 |
TOP OF THE 5TH |
Missoula Osprey batting - Pitching for San Francisco (APP) Giants : RHP Newt Reid
|
Batting: RHB Hector Tabares
|
0-0: Ball 1-0: Ball 2-0: Ball 3-0: Base on Balls
|
Batting: RHB Claude Leduc
|
0-0: Ball 1-0: Ball 2-0: Called Strike 2-1: SINGLE (Groundball, 4MD, EV 95.0 MPH) Hector Tabares to second
|
Batting: RHB Edwin Romero
|
0-0: Called Strike 0-1: Foul Ball, location: 2F 0-2: Strikes out swinging
|
Batting: RHB Jose Cuellar
|
0-0: Called Strike 0-1: Swinging Strike 0-2: Foul Ball, location: 2F 0-2: Foul Ball, location: 2F 0-2: SINGLE (Groundball, 6S, EV 65.0 MPH) (infield hit) Hector Tabares to third Claude Leduc to second
|
Pitching: LHP Ken Cromsie
|
|
Batting: RHB Isaiah Hampton
|
0-0: Ball 1-0: SINGLE (Line Drive, 7S, EV 105.6 MPH) Hector Tabares scores Claude Leduc to third Jose Cuellar to second
|
Batting: RHB David Powell
|
0-0: Swinging Strike 0-1: Swinging Strike 0-2: Ball 1-2: Ball 2-2: Fly out, F7 (Flyball, BS1, EV 96.2 MPH) Runner from 3rd tags up, SCORES, no throw by LF
|
Batting: RHB Juan Mejia
|
0-0: Ball 1-0: Swinging Strike 1-1: Ball 2-1: Ball 3-1: Base on Balls Jose Cuellar to third Isaiah Hampton to second
|
Batting: RHB Dave Beerman
|
0-0: Ball 1-0: Ball 2-0: Ball 3-0: Base on Balls Jose Cuellar scores Isaiah Hampton to third Juan Mejia to second
|
Batting: RHB Mike Smith
|
0-0: Ball 1-0: Ball 2-0: Ball 3-0: Called Strike 3-1: Base on Balls Isaiah Hampton scores Juan Mejia to third Dave Beerman to second
|
Pitching: LHP Justin Tidwell
|
|
Batting: RHB Hector Tabares
|
0-0: Called Strike 0-1: Ball 1-1: Ball 2-1: Ball 3-1: Base on Balls Juan Mejia scores Dave Beerman to third Mike Smith to second
|
Batting: RHB Claude Leduc
|
0-0: Ball 1-0: Foul Ball, location: 2F 1-1: Swinging Strike 1-2: Ball 2-2: Ball 3-2: Base on Balls Dave Beerman scores Mike Smith to third Hector Tabares to second
|
Batting: RHB Edwin Romero
|
0-0: DOUBLE (Line Drive, 5D, EV 98.1 MPH) Mike Smith scores Hector Tabares scores Claude Leduc to third Runner from 3rd tries for Home, SAFE, throw by LF to trailing runner, SAFE at third!
|
Batting: RHB Jose Cuellar
|
0-0: Ball 1-0: Ball 2-0: Called Strike 2-1: Foul Ball, location: 2F 2-2: Ground out 5-3 (Groundball, 5L, EV 85.0 MPH)
|
Top of the 5th over - 9 runs, 4 hits, 0 errors, 1 left on base; Missoula 23 - San Francisco (APP) 0 |
BOTTOM OF THE 5TH |
San Francisco (APP) Giants batting - Pitching for Missoula Osprey : LHP Cory Youngquist
|
Batting: RHB Azeem bin Zuhair
|
0-0: Ball 1-0: Called Strike 1-1: Ball 2-1: Ball 3-1: Base on Balls
|
Batting: RHB Jonathan Hemsley
|
0-0: Called Strike 0-1: Ball 1-1: Called Strike 1-2: Foul Ball, location: 2F 1-2: Foul Ball, location: 2F 1-2: DOUBLE (Line Drive, 7LM, EV 114.4 MPH) Azeem bin Zuhair to third Azeem bin Zuhair scores
|
Batting: RHB Rúbem Trancoso
|
0-0: 2-RUN HOME RUN (Line Drive, 89XD, EV 115.6 MPH), Distance : 442 ft
|
Batting: SHB Cedric Sweep
|
0-0: Ball 1-0: Called Strike 1-1: Ball 2-1: Foul Ball, location: 2F 2-2: Ball 3-2: Strikes out swinging
|
Batting: LHB Eddie Lemus
|
0-0: SOLO HOME RUN (Flyball, 9LD, EV 89.4 MPH), Distance : 344 ft
|
Batting: RHB Noe Oliva
|
0-0: Called Strike 0-1: Ball 1-1: Ball 2-1: Swinging Strike 2-2: Foul Ball, location: 2F 2-2: Strikes out swinging
|
Batting: LHB Kuan Hsia
|
0-0: Called Strike 0-1: Fly out, F9 (Flyball, 89S, EV 83.8 MPH)
|
Bottom of the 5th over - 4 runs, 3 hits, 0 errors, 0 left on base; Missoula 23 - San Francisco (APP) 4 |
TOP OF THE 6TH |
Missoula Osprey batting - Pitching for San Francisco (APP) Giants : LHP Justin Tidwell
|
Batting: RHB Isaiah Hampton
|
0-0: Ball 1-0: Ground out 1-3 (Groundball, 34S, EV 70.0 MPH)
|
Batting: RHB David Powell
|
0-0: Foul Ball, location: 2F 0-1: Swinging Strike 0-2: Ball 1-2: Ball 2-2: Ball 3-2: Strikes out swinging
|
Batting: RHB Juan Mejia
|
0-0: Swinging Strike 0-1: Foul Ball, location: 2F 0-2: Ball 1-2: Strikes out swinging
|
Top of the 6th over - 0 runs, 0 hits, 0 errors, 0 left on base; Missoula 23 - San Francisco (APP) 4 |
BOTTOM OF THE 6TH |
San Francisco (APP) Giants batting - Pitching for Missoula Osprey : LHP Cory Youngquist
|
Batting: RHB Ricky Aguilar
|
0-0: Ball 1-0: Foul Ball, location: 2F 1-1: Called Strike 1-2: SINGLE (Line Drive, 34D, EV 108.8 MPH)
|
Batting: RHB Chris Kulik
|
0-0: Ball 1-0: Ball 2-0: Ball 3-0: Called Strike 3-1: Base on Balls Ricky Aguilar to second
|
Batting: RHB Azeem bin Zuhair
|
0-0: Called Strike 0-1: Swinging Strike 0-2: Ball 1-2: Strikes out looking
|
Batting: RHB Jonathan Hemsley
|
0-0: Ball 1-0: Ball 2-0: Foul Ball, location: 2F 2-1: Fly out, F8 (Line Drive, 8LM, EV 90.0 MPH)
|
Batting: RHB Rúbem Trancoso
|
0-0: Ball 1-0: Ball 2-0: Ball 3-0: Called Strike 3-1: Swinging Strike 3-2: Strikes out swinging
|
Bottom of the 6th over - 0 runs, 1 hit, 0 errors, 2 left on base; Missoula 23 - San Francisco (APP) 4 |
TOP OF THE 7TH |
Missoula Osprey batting - Pitching for San Francisco (APP) Giants : LHP Justin Tidwell
|
Batting: RHB Dave Beerman
|
0-0: Ball 1-0: Called Strike 1-1: Swinging Strike 1-2: Ball 2-2: Ball 3-2: Base on Balls
|
Batting: RHB Mike Smith
|
0-0: Foul Ball, location: 2F 0-1: Ball 1-1: Swinging Strike 1-2: Foul Ball, location: 2F 1-2: Strikes out looking
|
Batting: RHB Hector Tabares
|
0-0: DOUBLE (Line Drive, 89D, EV 110.0 MPH) Dave Beerman to third
|
Batting: RHB Claude Leduc
|
0-0: Ball 1-0: Foul Ball, location: 2F 1-1: Ball 2-1: Called Strike 2-2: Ball 3-2: Base on Balls
|
Batting: RHB Edwin Romero
|
0-0: Ball 1-0: Ball 2-0: Called Strike 2-1: Foul Ball, location: 2F 2-2: Ball 3-2: Base on Balls Dave Beerman scores Hector Tabares to third Claude Leduc to second
|
Batting: RHB Jose Cuellar
|
0-0: Ball 1-0: SINGLE (Groundball, 6D, EV 95.0 MPH) Hector Tabares scores Claude Leduc to third Edwin Romero to second
|
Batting: RHB Isaiah Hampton
|
0-0: Ball 1-0: Swinging Strike 1-1: Foul Ball, location: 2F 1-2: Ball 2-2: Ball 3-2: Foul Ball, location: 2F 3-2: Strikes out swinging
|
Batting: RHB David Powell
|
0-0: Foul Ball, location: 2F 0-1: Called Strike 0-2: Ball 1-2: SINGLE (Groundball, 6D, EV 97.5 MPH) Claude Leduc scores Edwin Romero to third Jose Cuellar to second Runner from 3rd tries for Home, SAFE, throw by CF to home
|
Batting: RHB Juan Mejia
|
0-0: Ball 1-0: Foul Ball, location: 2F 1-1: Ball 2-1: Foul Ball, location: 2F 2-2: Foul Ball, location: 2F 2-2: Strikes out swinging
|
Top of the 7th over - 4 runs, 3 hits, 0 errors, 2 left on base; Missoula 27 - San Francisco (APP) 4 |
BOTTOM OF THE 7TH |
San Francisco (APP) Giants batting - Pitching for Missoula Osprey : LHP Cory Youngquist
|
DELAY
|
Rain delay of 23 minutes in the 7th inning.
|
Pitching: RHP Jon Wernli
|
|
Batting: SHB Cedric Sweep
|
0-0: Ground out U3 (Groundball, 34, EV 106.2 MPH)
|
Batting: LHB Eddie Lemus
|
0-0: Called Strike 0-1: Called Strike 0-2: Foul Ball, location: 2F 0-2: Ball 1-2: Ball 2-2: Ball 3-2: Strikes out looking
|
Batting: RHB Noe Oliva
|
0-0: Ball 1-0: Swinging Strike 1-1: Swinging Strike 1-2: Ball 2-2: Foul Ball, location: 2F 2-2: Reached on error, E3 (Groundball, 34, EV 81.9 MPH)
|
Batting: LHB Kuan Hsia
|
0-0: Called Strike 0-1: Foul Ball, location: 2F 0-2: Ball 1-2: Foul Ball, location: 2F 1-2: Strikes out swinging
|
Bottom of the 7th over - 0 runs, 0 hits, 1 error, 1 left on base; Missoula 27 - San Francisco (APP) 4 |
TOP OF THE 8TH |
Missoula Osprey batting - Pitching for San Francisco (APP) Giants : LHP Justin Tidwell
|
Batting: RHB Dave Beerman
|
0-0: Called Strike 0-1: Swinging Strike 0-2: Strikes out swinging
|
Batting: RHB Mike Smith
|
0-0: Ball 1-0: Fly out, F9 (Flyball, 9, EV 93.1 MPH)
|
Batting: RHB Hector Tabares
|
0-0: Ball 1-0: Called Strike 1-1: Swinging Strike 1-2: Strikes out swinging
|
Top of the 8th over - 0 runs, 0 hits, 0 errors, 0 left on base; Missoula 27 - San Francisco (APP) 4 |
BOTTOM OF THE 8TH |
San Francisco (APP) Giants batting - Pitching for Missoula Osprey : RHP Jon Wernli
|
Batting: RHB Ricky Aguilar
|
0-0: Swinging Strike 0-1: Swinging Strike 0-2: Ball 1-2: Strikes out swinging
|
Pitching: RHP Ramiz JambakurIan
|
|
Batting: RHB Chris Kulik
|
0-0: Ball 1-0: Foul Ball, location: 2F 1-1: Ball 2-1: Ground out 5-3 (Groundball, 56, EV 87.5 MPH)
|
Batting: RHB Azeem bin Zuhair
|
0-0: Ground out 5-3 (Groundball, 56, EV 85.6 MPH)
|
Bottom of the 8th over - 0 runs, 0 hits, 0 errors, 0 left on base; Missoula 27 - San Francisco (APP) 4 |
TOP OF THE 9TH |
Missoula Osprey batting - Pitching for San Francisco (APP) Giants : LHP Justin Tidwell
|
Batting: RHB Claude Leduc
|
0-0: SINGLE (Line Drive, 89S, EV 107.5 MPH)
|
Batting: RHB Edwin Romero
|
0-0: 2-RUN HOME RUN (Flyball, 7D, EV 108.1 MPH), Distance : 394 ft
|
Batting: RHB Jose Cuellar
|
0-0: Foul Ball, location: 2F 0-1: Ball 1-1: Foul Ball, location: 2F 1-2: Ball 2-2: Foul Ball, location: 2F 2-2: Ball 3-2: Foul Ball, location: 2F 3-2: Base on Balls
|
Batting: RHB Isaiah Hampton
|
0-0: Ball 1-0: Foul Ball, location: 2F 1-1: Called Strike 1-2: SINGLE (Flyball, 4MD, EV 100.0 MPH) Jose Cuellar to second
|
Batting: RHB David Powell
|
0-0: Ball 1-0: Ball 2-0: Ball 3-0: Base on Balls Jose Cuellar to third Isaiah Hampton to second
|
Batting: RHB Juan Mejia
|
0-0: Called Strike 0-1: Swinging Strike 0-2: Foul Ball, location: 2F 0-2: Ball 1-2: Ball 2-2: Ball 3-2: Base on Balls Jose Cuellar scores Isaiah Hampton to third David Powell to second
|
Batting: RHB Dave Beerman
|
0-0: Ball 1-0: Swinging Strike 1-1: Ball 2-1: Called Strike 2-2: Ball 3-2: Strikes out swinging
|
Batting: RHB Mike Smith
|
0-0: Ball 1-0: Ball 2-0: Ball 3-0: Base on Balls Isaiah Hampton scores David Powell to third Juan Mejia to second
|
Batting: RHB Hector Tabares
|
0-0: Called Strike 0-1: Foul Ball, location: 2F 0-2: Ball 1-2: Foul Ball, location: 2F 1-2: Strikes out swinging
|
Batting: RHB Claude Leduc
|
0-0: Called Strike 0-1: Ball 1-1: Ball 2-1: Ball 3-1: Foul Ball, location: 2F 3-2: Base on Balls David Powell scores Juan Mejia to third Mike Smith to second
|
Batting: RHB Edwin Romero
|
0-0: SINGLE (Groundball, 4M, EV 98.8 MPH) Juan Mejia scores Mike Smith to third Claude Leduc to second Runner from 3rd tries for Home, SAFE, throw by CF to home
|
Batting: RHB Jose Cuellar
|
0-0: Called Strike 0-1: Fly out, F8 (Flyball, 8LM, EV 93.1 MPH)
|
Top of the 9th over - 7 runs, 4 hits, 0 errors, 2 left on base; Missoula 34 - San Francisco (APP) 4 |
BOTTOM OF THE 9TH |
San Francisco (APP) Giants batting - Pitching for Missoula Osprey : RHP Ramiz JambakurIan
|
Batting: RHB Jonathan Hemsley
|
0-0: Ball 1-0: Foul Ball, location: 2F 1-1: Ball 2-1: Swinging Strike 2-2: Strikes out swinging
|
Batting: RHB Rúbem Trancoso
|
0-0: Ball 1-0: Foul Ball, location: 2F 1-1: Ball 2-1: Swinging Strike 2-2: Foul Ball, location: 2F 2-2: Foul Ball, location: 2F 2-2: Strikes out looking
|
Batting: SHB Cedric Sweep
|
0-0: Swinging Strike 0-1: Ball 1-1: Foul Ball, location: 2F 1-2: Ball 2-2: Strikes out looking
|
Bottom of the 9th over - 0 runs, 0 hits, 0 errors, 0 left on base; Missoula 34 - San Francisco (APP) 4 |
|